AoeStats
← -(-0-0-)-+(,_o)+$(*^_^*)$

Yucatan

510289327Analyzed
2v2 RM · 1d ago on Sep 30, 2026· 22m 59s· 4 players
Game mode
Random Map
Map size
Medium (4 player)
Population
200
Speed
Normal
Resources
Standard
Victory
Conquest
Starting age
Dark Age
Ending age
Imperial Age
RankedLock teamsTeams togetherTeam positionsShared explorationLock speedFull tech treeHidden civsTurbo modeCheats
Victory
Defeat
848
+18
🇺🇸 Malay · United States
774
+21
934
-22
828
-17
-(-0-0-)-+(,_o)+$(*^_^*)$
0:32 Loom
14:31 Feudal Age
19:03 Castle Age
18:19 Forging
18:16 Gold Mining
18:23 Stone Mining
18:45 Double-Bit Axe
67676767676767676767676767676767
0:36 Loom
12:21 Feudal Age
16:52 Castle Age
14:52 Arson
15:41 Forging
16:53 Squires
17:43 Iron Casting
哈哈哈我不是数字名字
11:26 Feudal Age
12:41 Wheelbarrow
12:05 Double-Bit Axe
14:14 Horse Collar
15:32 Gold Mining
18:47 Loom
砍德沃.基尔邦硬.香达菲基
6:02 Loom
11:33 Feudal Age
19:05 Castle Age
18:24 Bloodlines
18:28 Forging
18:24 Scale Barding Armor
21:23 Iron Casting
Connection lost

Rejoining the realm…

Still unreachable

The connection could not be restored.

Session expired

The server has moved on; the page needs a fresh start.